 Dungeon Crawl Stone Soup version 0.29-a0-243-g602b31c20e (webtiles) character file.

Game seed: 2156667152159254995

10458 spiderkeys the Fighter (level 11, -10/49 (60) HPs)
             Began as a Vine Stalker Abyssal Knight on Mar 1, 2022.
             Was a High Priest of Lugonu.
             Mangled by a spectral orc knight
             ... wielding a +0 great sword
             ... summoned by Nergalle
              (13 damage)
             ... on level 1 of the Lair of Beasts on Mar 5, 2022.
             The game lasted 00:40:07 (10717 turns).

spiderkeys the Fighter (VSAK)                      Turns: 10717, Time: 00:40:08

HP:   -10/49 (60)   AC: 10    Str: 25    XL:     11   Next: 62%
MP:   0/16          EV: 16    Int: 10    God:    Lugonu [*****.]
Gold: 585           SH:  0    Dex: 22    Spells: 10/16 levels left

rFire   . . .      SeeInvis .   a - +2 short sword
rCold   . . .      Faith    .   (no shield)
rNeg    . . .      Spirit   +   E - +2 ring mail {rPois}
rPois   +          Reflect  .   z - +0 hat
rElec   .          Harm     .   u - +2 cloak
rCorr   .          Rampage  .   (no gloves)
Will    +....                   (no boots)
Stlth   +++.......              g - amulet of regeneration
HPRegen 1.76/turn               S - +6 ring of strength
MPRegen 0.15/turn               D - +6 ring of dexterity

@: heavily drained
A: fangs 3, regeneration 1, magic shield, antimagic bite, no potion heal 2
a: Renounce Religion, Depart the Abyss, Bend Space, Banish, Corrupt, Enter the
Abyss


You were on level 1 of the Lair of Beasts.
You worshipped Lugonu.
Lugonu was extremely pleased with you.
You visited 2 branches of the dungeon, and saw 12 of its levels.
You visited the Abyss 1 time.
You also visited: Bailey.

You collected 585 gold pieces.


Innate Abilities, Weirdness & Mutations

You have razor-sharp teeth.
Your natural rate of healing is unusually fast.
When hurt, damage is shared between your health and your magic reserves.
Your bite disrupts and absorbs the magic of your enemies.
Potions cannot restore your health.


   Skills:
 + Level 8.7 Fighting
 + Level 8.4 Short Blades
 - Level 2.0 Armour
 - Level 7.0 Dodging
 - Level 7.0 Stealth
 - Level 3.0 Spellcasting
 + Level 3.6 Transmutations
 - Level 6.0 Invocations
 + Level 2.2 Evocations


You had 10 spell levels left.
You knew the following spells:

 Your Spells              Type           Power      Damage    Failure   Level
b - Beastly Appendage     Tmut           16%        N/A       10%         1
s - Spider Form           Tmut/Pois      5%         N/A       52%         3
w - Wereblood             Tmut           8%         N/A       14%         2

Your spell library contained the following spells:

 Spells                   Type           Power      Damage    Failure   Level
 Apportation              Tloc           2%         N/A       38%         1
 Foxfire                  Conj/Fire      4%         2x1d4     38%         1
 Shock                    Conj/Air       4%         1d3       38%         1
 Scorch                   Fire           2%         2d5       54%         2
 Conjure Flame            Conj/Fire      1%         6-21      77%         3
 Inner Flame              Hex/Fire       1%         N/A       77%         3
 Swiftness                Air            1%         N/A       77%         3
 Airstrike                Air            0%         N/A       99%         4
 Flame Wave               Conj/Fire      1%         2d4       99%         4
 Alistair's Intoxication  Tmut/Pois      3%         N/A       99%         5
 Summon Cactus Giant      Summ           0%         N/A       100%        6

Inventory:

Hand Weapons
 a - a +2 short sword (weapon)
 b - a +0 hand crossbow
   (You took it off a kobold on level 8 of the Dungeon)
 H - a +1 short sword of flaming
   (You took it off a kobold brigand on level 8 of the Dungeon)
Missiles
 d - 481 stones (quivered)
 j - 24 boomerangs
 s - 3 datura-tipped darts
 w - 2 throwing nets {=f!f}
 I - 17 poisoned darts
 T - a curare-tipped dart {=f}
Armour
 u - a +2 cloak (worn)
   (You found it on level 4 of the Dungeon)
 z - a +0 hat (worn)
   (You found it on level 3 of the Dungeon)
 E - a +2 ring mail of poison resistance (worn)
   (You found it on level 6 of the Dungeon)
 O - +0 steam dragon scales
   (You found it on level 10 of the Dungeon)
 Q - a +0 scale mail
   (You took it off a gnoll sergeant on level 10 of the Dungeon)
 U - a +0 plate armour
   (You found it on level 10 of the Dungeon)
 Y - a +5 ring mail of ponderousness
   (You found it on level 8 of the Dungeon)
Jewellery
 g - an amulet of regeneration (around neck)
   (You found it on level 2 of the Dungeon)
 D - a +6 ring of dexterity (right hand)
   (You found it on level 3 of the Dungeon)
 L - a ring of flight
   (You found it on level 11 of the Dungeon)
 S - a +6 ring of strength (left hand)
   (You found it on level 1 of the Dungeon)
 W - an amulet of magic regeneration
   (You found it on level 9 of the Dungeon)
 Z - a ring of wizardry
   (You found it on level 8 of the Dungeon)
Wands
 i - a wand of polymorph (14)
   (You found it on level 2 of the Dungeon)
 q - a wand of iceblast (5)
   (You found it on level 8 of the Dungeon)
 v - a wand of paralysis (3)
   (You found it on level 5 of the Dungeon)
 C - a wand of flame (14)
   (You found it on level 6 of the Dungeon)
 K - a wand of acid (4)
   (You found it on level 8 of the Dungeon)
Scrolls
 c - 2 scrolls of teleportation {@r4}
 h - a scroll of fear
 m - 2 scrolls of amnesia
 p - 3 scrolls of enchant weapon
 t - 2 scrolls of vulnerability {!r!r}
 y - 2 scrolls of blinking {!r}
 B - a scroll of silence {!r}
 G - a scroll of magic mapping {!r}
 R - 2 scrolls of noise {!r}
 V - a scroll of summoning
Potions
 e - a potion of mutation {!q}
 f - a potion of berserk rage {!q}
 k - a potion of ambrosia {unknown}
 l - 2 potions of heal wounds {unknown}
 n - a potion of invisibility {unknown}
 o - 2 potions of magic {unknown}
 r - 8 potions of curing {@q1}
 x - a potion of lignification {unknown}
 A - 5 potions of flight
 F - a potion of attraction {unknown}
 J - a potion of haste {unknown}
 M - a potion of degeneration {unknown}
 N - 2 potions of might {unknown}
 X - a potion of brilliance {unknown}
Miscellaneous
 P - a piece from Xom's chessboard (15/15)
   (You found it on level 10 of the Dungeon)

Dungeon Overview and Level Annotations

Branches:
Dungeon (11/15)            Temple (0/1) D:6            Lair (1/6) D:8
 Bailey (visited)
    Orc: D:9-12

Altars:
Cheibriados
Dithmenos
Hepliaklqana
Makhleb
Nemelex Xobeh
Okawaru
Ru
Vehumet
Wu Jian
Zin

Annotations:
D:11 Gastronok
Lair:1 Nergalle

##...# ##..# ##P.# ######.#
## #####'######
##P.###'##..# ..........)#
#.$...#.....# ...........#
#.#?.##.#.#.# ........>..#
#.#.....#... ...........#
+.P.###.#..##
.........>.+.#.!.#...#...
............##.#@#Z..#.#..
.......<...###..Z#o#....|##
##+######.###.##+ยง########
## ## #Z## #. #. #. ##


You could see a spectral orc knight (summoned).


Message History

You hit Nergalle but do no damage. Your bite misses Nergalle.
The spectral orc knight hits you with a +0 great sword.
You feel drained.
Nergalle hits you but does no damage. ๐Ÿ˜• HP[-5] MP[-1]
You now have 58 max hp (-2).
You take 5 damage, and now have 55/58 hp.
You lost 1 mp, and now have 15/16 mp.
Aiming: Paralyse
Press: ? - help, Shift-Dir - straight line, f - Nergalle
Aim: Nergalle, wielding a +0 dagger of holy wrath and wearing a +1 robe of willpower (chance to affect: 3%)
Okay, then.
Aiming: Corrosive Bolt
Press: ? - help, Shift-Dir - straight line, f - Nergalle
Aim: Nergalle, wielding a +0 dagger of holy wrath and wearing a +1 robe of willpower (68% to hit)
The bolt of acid hits Nergalle!
The bolt of acid hits the plant!
The acid corrodes the plant!
The plant begins to die.
The spectral orc knight misses you.
Nergalle hits you with a +0 dagger of holy wrath. ๐Ÿ˜• HP[+2] MP[-1]
You regained 2 hp, and now have 57/58 hp.
You lost 1 mp, and now have 14/16 mp.
You hit Nergalle but do no damage. You punch Nergalle, but do no damage.
The spectral orc knight misses you.
Nergalle closely misses you. ๐Ÿ˜Ž HP[+1]
Your hp is fully restored (58).
You hit Nergalle. Your bite misses Nergalle. You barely miss Nergalle.
You punch Nergalle. Your bite misses Nergalle.
The spectral orc knight hits you with a +0 great sword.
Nergalle barely misses you. ๐Ÿ˜• HP[-4] MP[-1]
You take 4 damage, and now have 54/58 hp.
You lost 1 mp, and now have 13/16 mp.
You hit Nergalle.
The spectral orc knight hits you with a +0 great sword!!
You feel drained.
Nergalle misses you. ๐Ÿ˜ฎ HP[-15] MP[-4]
You now have 55 max hp (-3).
You take 15 damage, and now have 39/55 hp.
MASSIVE DAMAGE!! (PAUSE)
You lost 4 mp, and now have 9/16 mp.
You hit Nergalle but do no damage. You bite Nergalle.
Nergalle's magic leaks into the air.
You drain her magic.
You feel invigorated. ๐Ÿ˜ฎ HP[+1] MP[+7]
Your mp is fully restored (16).
You hit Nergalle.
A nearby plant withers and dies.
The spectral orc knight hits you with a +0 great sword.
Nergalle misses you. ๐Ÿ˜ฎ HP[+1] MP[-1]
You lost 1 mp, and now have 15/16 mp.
You hit Nergalle but do no damage.
The spectral orc knight hits you with a +0 great sword!
You feel drained.
Nergalle closely misses you. ๐Ÿ˜ฎ HP[-6] MP[-3]
You now have 54 max hp (-1).
You take 6 damage, and now have 35/54 hp.
You lost 3 mp, and now have 12/16 mp.
You hit Nergalle but do no damage.
You bite Nergalle, but do no damage. ๐Ÿ˜ฎ HP[+1]
You hit Nergalle but do no damage. You bite Nergalle, but do no damage.
Nergalle's magic is no longer disrupted.
The spectral orc knight closely misses you.
Nergalle hits you but does no damage. ๐Ÿ˜ฎ HP[+1]
You hit Nergalle but do no damage. Your bite misses Nergalle.
The spectral orc knight hits you but does no damage.
Nergalle points at you and mumbles some strange words.
Orcish apparitions take form around you. ๐Ÿ˜ฎ HP[+1] MP[+1]
You hit Nergalle. You bite Nergalle, but do no damage.
The spectral orc knight hits you with a +0 great sword!
You feel drained.
* * * LOW HITPOINT WARNING * * *
๐Ÿ˜จ HP[-13] MP[-5]
You now have 52 max hp (-2).
You take 13 damage, and now have 25/52 hp.
MASSIVE DAMAGE!! (PAUSE)
You lost 5 mp, and now have 8/16 mp.
You hit Nergalle but do no damage.
Nergalle completely misses you. ๐Ÿ˜จ HP[+1]
You hit Nergalle but do no damage. You bite Nergalle.
Nergalle's magic leaks into the air.
You drain her magic.
You feel invigorated.
Nergalle's magic is no longer disrupted.
The spectral orc knight hits you with a +0 great sword!!
* * * LOW HITPOINT WARNING * * *
You feel drained.
* * * LOW HITPOINT WARNING * * *
Nergalle gestures at you while chanting.
Orcish apparitions take form around you. ๐Ÿ˜ฑ HP[-23] MP[-7]
You now have 49 max hp (-3).
You take 23 damage, and now have 3/49 hp.
MASSIVE DAMAGE!! (PAUSE)
You lost 7 mp, and now have 1/16 mp.
Space bends around you!
You blink.
The spectral orc knight hits you with a +0 great sword!
You die...

Skill      XL: |  1  2  3  4  5  6  7  8  9 10 11 |
---------------+----------------------------------+-----
Invocations    | 2 3 5 6 |  6.0
Short Blades   | 2 3 4 5 6 7 8 |  8.4
Fighting       | 3 4 5 7 8 |  8.7
Armour         | 2 |  2.0
Dodging        | 1 2 3 4 5 6 7 |  7.0
Stealth        | 1 3 5 7 |  7.0
Spellcasting   | 1 3 |  3.0
Transmutations | 2 3 |  3.6
Evocations     | 2 |  2.2

Action                   |  1- 3 |  4- 6 |  7- 9 | 10-12 || total
-------------------------+-------+-------+-------+-------++-------
Melee: Short sword       |    81 |   160 |   265 |   430 ||   936
       Bite              |    18 |    46 |    89 |   161 ||   314
       Punch             |     1 |     3 |     7 |     9 ||    20
       Kick              |       |       |       |     2 ||     2
       Headbutt          |       |       |       |     1 ||     1
 Fire: Hand crossbow     |       |       |       |    33 ||    33
       Hunting sling     |       |       |       |     4 ||     4
Throw: Boomerang         |     2 |     4 |    21 |     3 ||    30
       Dart              |       |     3 |     7 |       ||    10
       Throwing net      |       |       |     2 |       ||     2
 Cast: Beastly Appendage |       |       |       |     1 ||     1
Invok: Bend Space        |       |     2 |     1 |     4 ||     7
       Banish            |       |       |       |     2 ||     2
Evoke: Wand              |       |       |     4 |    12 ||    16
  Use: Scroll            |       |     5 |     4 |     6 ||    15
 Stab: Sleeping          |     1 |     5 |     7 |     7 ||    20
       Paralysed         |       |       |     1 |     3 ||     4
       Distracted        |       |       |       |     1 ||     1
Armor: Leather armour    |    14 |    10 |       |       ||    24
       Ring mail         |       |    34 |    53 |   126 ||   213
Dodge: Dodged            |    33 |    97 |   161 |   424 ||   715

Levels and vault maps discovered:
D:1:      elethiomel_arrival_quiet, layout_basic
D:2:      minmay_spotlight, layout_rooms, kennysheep_generic_room_7
D:3:      layout_loops_ring, chequers_temple_overflow_statue_of_worship,
          minmay_overflow_temple_star_quad, mainiacjoe_overflow_large_starburst,
          dreamdust_ecumenical_altar_angels_and_demons,
          chequers_serial_rivers_marsh, uniq_jessica
D:4:      layout_loops_ring, minmay_unequal, uniq_duvessa
D:5:      layout_loops_ring, minivault_26, kennysheep_minor_cross
D:6:      layout_gridville, minmay_temple_entry_sparse_star
D:7:      layout_loops_ring, uniq_joseph, uniq_pikel
D:8:      layout_rooms, due_lair_maze_entry_diamond, serial_curves,
          eino_curves_01, eino_curves_04, eino_curves_01,
          dreamdust_deal_with_the_devil, minmay_diced_spiral
D:9:      layout_grid_maze, nicolae_dithmenos_the_darkroom
D:10:     layout_roguey, enter_bailey_5
D:11:     layout_cave_pools, amcnicky_mini_pool_small, dk_noncrumbling_4,
          kennysheep_generic_room_9, uniq_gastronok
Lair:1:   layout_roguey, uniq_nergalle

Notes
Turn   | Place    | Note
-------+----------+-------------------------------------------
     0 | Abyss:1  | spiderkeys the Vine Stalker Abyssal Knight began the quest
                  | for the Orb.
     0 | Abyss:1  | Reached XP level 1. HP: 11/11 MP: 3/3
     0 | Abyss:1  | magus.rc [v1.9.10]
    23 | D:1      | You pass through the gate.
    23 | D:1      | Escaped the Abyss
    62 | D:1      | HP: 2/11 [frozen (5)]
   437 | D:1      | Reached skill level 2 in Invocations
   442 | D:1      | Reached skill level 2 in Short Blades
   442 | D:1      | Reached XP level 2. HP: 13/16 MP: 4/4
   845 | D:1      | Reached skill level 3 in Fighting
   935 | D:1      | Reached XP level 3. HP: 17/20 MP: 5/5
  1075 | D:1      | Reached skill level 2 in Armour
  1426 | D:2      | Reached ** piety under Lugonu
  1449 | D:2      | You pick up a book of Changes and begin reading...
  1449 | D:2      | You add the spells Beastly Appendage, Wereblood and Spider
                  | Form to your library.
  1476 | D:2      | Reached skill level 1 in Dodging
  1584 | D:2      | Gained mutation: Your natural rate of healing is unusually
                  | fast. [Vine Stalker growth]
  1584 | D:2      | Reached XP level 4. HP: 16/24 MP: 4/6
  1767 | D:2      | Reached skill level 1 in Stealth
  2063 | D:3      | Noticed Jessica
  2071 | D:3      | Killed Jessica
  2194 | D:3      | Found an iron altar of Okawaru.
  2406 | D:2      | Reached XP level 5. HP: 28/28 MP: 5/7
  2519 | D:3      | Found a sacrificial altar of Ru.
  2521 | D:3      | Found a hazy altar of Hepliaklqana.
  2524 | D:3      | Found a glowing silver altar of Zin.
  2600 | D:3      | Found a snail-covered altar of Cheibriados.
  2608 | D:3      | Reached skill level 2 in Stealth
  2823 | D:3      | Found a burning altar of Makhleb.
  2824 | D:3      | Found an ornate altar of the Wu Jian Council.
  2842 | D:3      | Found a radiant altar of Vehumet.
  2843 | D:3      | Found a sparkling altar of Nemelex Xobeh.
  2853 | D:3      | Reached skill level 3 in Short Blades
  2906 | D:3      | Found a faded altar of an unknown god.
  3101 | D:4      | Noticed a black bear
  3134 | D:3      | Killed a black bear
  3135 | D:3      | Reached skill level 2 in Dodging
  3135 | D:3      | Reached skill level 3 in Stealth
  3135 | D:3      | Reached XP level 6. HP: 33/33 MP: 6/8
  3220 | D:4      | Reached skill level 4 in Fighting
  3328 | D:4      | Reached *** piety under Lugonu
  3668 | D:4      | Reached XP level 7. HP: 37/37 MP: 9/9
  3682 | D:4      | Noticed Duvessa
  3682 | D:4      | Noticed Dowan
  3688 | D:4      | Killed Dowan
  3690 | D:4      | Noticed Duvessa
  3690 | D:4      | Duvessa changed into Duvessa the worm
  3697 | D:4      | Killed Duvessa the worm
  3724 | D:4      | You pick up a book of Party Tricks and begin reading...
  3724 | D:4      | You add the spells Apportation and Alistair's Intoxication
                  | to your library.
  3907 | D:4      | Reached skill level 4 in Stealth
  3983 | D:5      | Entered Level 5 of the Dungeon
  4278 | D:5      | Reached skill level 4 in Short Blades
  4326 | D:5      | Reached skill level 3 in Dodging
  4544 | D:5      | Reached skill level 5 in Stealth
  4544 | D:5      | Gained mutation: You have razor-sharp teeth. [Vine Stalker
                  | growth]
  4544 | D:5      | Reached XP level 8. HP: 42/42 MP: 10/10
  4688 | D:5      | Reached skill level 5 in Fighting
  5040 | D:6      | Reached skill level 3 in Invocations
  5050 | D:6      | Reached skill level 4 in Dodging
  5101 | D:6      | Reached skill level 5 in Short Blades
  5130 | D:6      | Found a staircase to the Ecumenical Temple.
  5146 | D:6      | You pick up a book of Flames and begin reading...
  5146 | D:6      | You add the spells Foxfire, Conjure Flame, Inner Flame and
                  | Flame Wave to your library.
  5437 | D:6      | Upgraded the game from 0.29-a0-233-g1125b37a9b to
                  | 0.29-a0-234-g0dae59b3db
  5437 | D:6      | magus.rc [v1.9.10]
  5728 | D:7      | Reached XP level 9. HP: 48/48 MP: 12/12
  5874 | D:7      | Reached **** piety under Lugonu
  5875 | D:7      | Reached skill level 4 in Invocations
  5928 | D:7      | Reached skill level 6 in Fighting
  6248 | D:7      | Noticed Pikel
  6271 | D:7      | Killed Pikel
  6272 | D:7      | Reached skill level 6 in Short Blades
  6272 | D:7      | Reached skill level 5 in Dodging
  6272 | D:7      | Reached skill level 5 in Invocations
  6346 | D:7      | Noticed Joseph
  6358 | D:7      | HP: 10/49 [Joseph/sling bullet (13)]
  6589 | D:8      | Noticed a hornet
  6597 | D:8      | Killed a hornet
  6719 | D:7      | Killed Joseph
  6720 | D:7      | Reached skill level 7 in Fighting
  6720 | D:7      | Reached XP level 10. HP: 33/55 MP: 11/14
  6866 | D:8      | Reached skill level 6 in Dodging
  6912 | D:7      | Upgraded the game from 0.29-a0-234-g0dae59b3db to
                  | 0.29-a0-243-g602b31c20e
  6912 | D:7      | magus.rc [v1.9.10]
  6960 | D:8      | Reached skill level 7 in Short Blades
  6982 | D:8      | Reached skill level 6 in Stealth
  7011 | D:8      | Found a staircase to the Lair.
  7308 | D:8      | Learned a level 1 spell: Beastly Appendage
  7767 | D:9      | Reached ***** piety under Lugonu
  7872 | D:9      | Noticed a two-headed ogre
  7877 | D:9      | Killed a two-headed ogre
  7878 | D:9      | Reached skill level 7 in Stealth
  7878 | D:9      | Reached skill level 1 in Spellcasting
  7878 | D:9      | Reached skill level 1 in Transmutations
  7878 | D:9      | Reached skill level 6 in Invocations
  8048 | D:9      | You pick up a book of Air and begin reading...
  8048 | D:9      | You add the spells Shock, Swiftness and Airstrike to your
                  | library.
  8107 | D:9      | Reached skill level 2 in Transmutations
  8300 | D:9      | Noticed a kobold demonologist
  8301 | D:9      | Noticed a kobold demonologist
  8306 | D:9      | Noticed a kobold demonologist
  8307 | D:9      | Noticed a smoke demon
  8344 | D:9      | Killed a kobold demonologist
  8345 | D:9      | Reached XP level 11. HP: 48/60 MP: 14/16
  8356 | D:9      | Reached skill level 8 in Fighting
  8356 | D:9      | Reached skill level 2 in Spellcasting
  8663 | D:9      | Found a shadowy altar of Dithmenos.
  8679 | D:9      | Reached skill level 3 in Transmutations
  9078 | D:10     | Entered Level 10 of the Dungeon
  9109 | D:10     | Found a flagged portal.
  9129 | Bailey   | Entered a bailey
  9137 | Bailey   | Noticed an orc knight
  9175 | Bailey   | Noticed an orc knight
  9202 | Bailey   | Killed an orc knight
  9203 | Bailey   | Reached skill level 8 in Short Blades
  9203 | Bailey   | Reached skill level 3 in Spellcasting
  9360 | Bailey   | Reached skill level 7 in Dodging
  9426 | Bailey   | Killed an orc knight
  9427 | Bailey   | Reached skill level 1 in Evocations
 10284 | D:10     | You pick up a book of Scorching and begin reading...
 10284 | D:10     | You add the spells Scorch and Summon Cactus Giant to your
                  | library.
 10375 | D:10     | Learned a level 2 spell: Wereblood
 10379 | D:10     | Learned a level 3 spell: Spider Form
 10461 | D:11     | Noticed a cyclops
 10480 | D:11     | Noticed a four-headed hydra
 10484 | D:11     | Banished a four-headed hydra
 10485 | D:11     | Reached skill level 2 in Evocations
 10520 | D:11     | Noticed Gastronok
 10520 | D:11     | Noticed a six-headed hydra
 10520 | D:11     | Noticed a two-headed ogre
 10630 | Lair:1   | Entered Level 1 of the Lair of Beasts
 10687 | Lair:1   | Noticed Nergalle
 10716 | Lair:1   | HP: 7/52 [spectral orc knight/+0 great sword[Nergalle]
                  | (20)]
 10716 | Lair:1   | HP: 3/49 [spectral orc knight/+0 great sword[Nergalle] (4)]
 10717 | Lair:1   | Mangled by a spectral orc knight

Vanquished Creatures
  A two-headed ogre (D:9)
  Pikel (D:7)
  2 orc knights (Bailey)
  Joseph (D:7)
  4 kobold demonologists (D:9)
  2 trolls
  A hornet (D:8)
  6 yaks (D:8)
  A steam dragon (D:10)
  4 water moccasins
  A sky beast (D:6)
  An ogre (D:6)
  5 black bears
  4 orc warriors
  4 ice beasts
  6 centaurs
  2 lemures (D:7)
  A phantom (D:7)
  4 kobold brigands
  6 bullfrogs
  2 gnoll sergeants
  2 scorpions
  4 wights
  12 killer bees (D:9)
  4 howler monkeys
  A hound (D:6)
  A gnoll shaman (D:7)
  3 orc priests
  Jessica (D:3)
  6 iguanas
  3 orc wizards (D:7)
  16 gnolls
  10 adders
  2 shadow imps
  A white imp (D:6)
  2 ufetubi
  3 worms
  A dart slug (D:1)
  28 orcs
  5 bats
  5 endoplasms
  3 giant cockroaches
  13 goblins
  9 hobgoblins
  4 quokkas
  9 ball pythons
  4 frilled lizards
  28 kobolds
  2 rats
241 creatures vanquished.

Vanquished Creatures (collateral kills)
  A scorpion (D:5)
  Dowan (D:4)
  3 gnolls
5 creatures vanquished.

Vanquished Creatures (others)
  A gnoll (D:3)
  2 kobolds (D:9)
  42 fungi (D:8)
  28 plants
73 creatures vanquished.

Grand Total: 319 creatures vanquished

Table legend:
 A = Non-vault XP
 B = Vault XP
 C = Vault XP percentage of total XP
 D = Non-vault monster count
 E = Vault monster count
 F = Vault count percentage of total count
                 A         B        C        D         E       F
            +---------+---------+-------+---------+---------+-------
      Total |   10403 |    4537 |  30.4 |     190 |      56 |  22.8
            +---------+---------+-------+---------+---------+-------
        D:1 |      51 |       0 |   0.0 |      22 |       0 |   0.0
        D:2 |      53 |      12 |  18.5 |      17 |       5 |  22.7
        D:3 |     152 |     163 |  51.7 |      16 |       2 |  11.1
        D:4 |     167 |     108 |  39.3 |      16 |       4 |  20.0
        D:5 |     733 |       0 |   0.0 |      13 |       0 |   0.0
        D:6 |     788 |       0 |   0.0 |      14 |       0 |   0.0
        D:7 |    1127 |    1321 |  54.0 |      27 |       4 |  12.9
        D:8 |    1758 |    1366 |  43.7 |      19 |      12 |  38.7
        D:9 |    3745 |       0 |   0.0 |      31 |       0 |   0.0
       D:10 |     971 |       8 |   0.8 |      14 |       4 |  22.2
       D:11 |     858 |       0 |   0.0 |       1 |       0 |   0.0
     Bailey |       0 |    1559 | 100.0 |       0 |      25 | 100.0
            +---------+---------+-------+---------+---------+-------

Illustrated notes

Table legend:
 A = Kills in this place as a percentage of kills in entire the game.
 B = Kills by you in this place as a percentage of kills by you in the entire game.
 C = Kills by friends in this place as a percentage of kills by friends in the entire game.
 D = Other kills in this place as a percentage of other kills in the entire game.
 E = Experience gained in this place as a percentage of experience gained in the entire game.
 F = Experience gained in this place divided by the number of levels of this place that you have seen.
                   A       B       C       D       E      F
               +-------+-------+-------+-------+-------+----------------------
         Total | 100.0 | 100.0 | 100.0 | 100.0 | 100.0 | 1067.1
       Dungeon |  89.8 |  89.5 | 100.0 | 100.0 |  89.6 | 1216.5
        Bailey |  10.2 |  10.5 |   0.0 |   0.0 |  10.4 | 1559.0
               +-------+-------+-------+-------+-------+----------------------

Table legend: (Time is in decaauts)
 A = Elapsed time spent in this place.
 B = Non-inter-level travel time spent in this place.
 C = Inter-level travel time spent in this place.
 D = Time resting spent in this place.
 E = Time spent auto-exploring this place.
 F = Levels seen in this place.
 G = Mean time per level.
                   A        B        C        D        E       F      G
               +--------+--------+--------+--------+--------+-----+--------+
         Total |  10591 |  10173 |    418 |    365 |   7240 |  14 |  756.5 |
       Dungeon |   9904 |   9486 |    418 |    365 |   6822 |  11 |  900.4 |
          Lair |     80 |     80 |      0 |      0 |     55 |   1 |   80.0 |
         Abyss |     23 |     23 |      0 |      0 |     16 |   1 |   23.0 |
        Bailey |    583 |    583 |      0 |      0 |    347 |   1 |  583.0 |
               +--------+--------+--------+--------+--------+-----+--------+

Top non-repeatable levels by time:
     D:1: 1384 daAuts
     D:9: 1334 daAuts
     D:7: 1113 daAuts
     D:3: 1074 daAuts
     D:8: 966 daAuts
     D:5: 921 daAuts
     D:4: 826 daAuts
    D:10: 803 daAuts
     D:6: 700 daAuts
     D:2: 673 daAuts
  Bailey: 583 daAuts
    D:11: 105 daAuts
  Lair:1: 80 daAuts
 Abyss:1: 23 daAuts
